 Dungeon Crawl Stone Soup version 0.20.1-1-g8b1a95d (webtiles) character file.

247 Irenicus the Insei (level 6, 0/37 HPs)
             Began as an Octopode Chaos Knight on Nov 17, 2017.
             Slain by an adder (3 damage)
             ... in a sewer.
             The game lasted 00:08:32 (1106 turns).

Irenicus the Insei (Octopode Chaos Knight)          Turns: 1106, Time: 00:08:34

Health: 0/37       AC:  1    Str: 14    XL:     6   Next: 11%
Magic:  6/6        EV: 13    Int: 14    God:    Xom [*.....]
Gold:   59         SH:  0    Dex: 13    Spells: 5/5 levels left

rFire    . . .     SeeInvis .     - Unarmed
rCold    . . .     Gourm    .   (no shield)
rNeg     . . .     Faith    .   (helmet restricted)
rPois    .         Spirit   .   (no amulet)
rElec    .         Reflect  .   j - +2 ring of strength
rCorr    .         Harm     .   (no ring)
MR       +....                  (no ring)
Stlth    +++.......             (no ring)
Regen    0.2/turn               (no ring)
MPRegen  0.1/turn               (no ring)
                                (no ring)
                                (no ring)

@: lethally poisoned (0 -> -8)
A: almost no armour, stealthy swim, amphibious, 8 rings, constrict 8, camouflage
1, frail 1, magic resistance 1, gelatinous body 1
a: Renounce Religion


You were in a sewer.
You worshipped Xom.
You were a special plaything of Xom.
You were hungry.

You visited 1 branch of the dungeon, and saw 3 of its levels.
You also visited: Sewer.

You collected 59 gold pieces.

Inventory:

Armour
 b - a +0 shield
Jewellery
 j - a +2 ring of strength (left tentacle)
Scrolls
 d - a scroll of remove curse
 f - a scroll of identify {unknown}
 m - a scroll of enchant armour {unknown}
 p - a scroll of fog {unknown}
 q - a scroll of recharging {unknown}
 s - a scroll of teleportation {unknown}
Potions
 e - a potion of mutation
 h - 2 potions of magic {unknown}
 i - a potion of berserk rage {unknown}
 k - 2 potions of curing {unknown}
 l - a potion of lignification {unknown}
 o - 2 potions of agility {unknown}
 r - a potion of heal wounds {unknown}
 t - 5 potions of flight {unknown}
 u - a potion of brilliance {unknown}
Books
 n - a book of Minor Magic

   Spells                             Type                      Level
   a - Magic Dart                     Conjuration                  1
   b - Blink                          Translocation                2
   c - Call Imp                       Summoning                    2
   d - Slow                           Hexes                        2
   e - Conjure Flame                  Conjuration/Fire             3
   f - Mephitic Cloud                 Conjuration/Poison/Air       3
Comestibles
 a - a bread ration
 g - a meat ration


   Skills:
 - Level 3.0 Fighting
 - Level 2.3 Dodging
 + Level 6.6 Unarmed Combat


You had 5 spell levels left.
You didn't know any spells.

Dungeon Overview and Level Annotations

Branches:
Dungeon (3/15)

Altars:
Dithmenos
Hepliaklqana
Trog
Vehumet
Xom


Innate Abilities, Weirdness & Mutations

You cannot wear most types of armour.
You are very stealthy in the water. (Stealth+)
You are amphibious.
You can wear up to eight rings at the same time.
You can use your tentacles to constrict eight enemies at once.
Your skin changes colour to match your surroundings (Stealth+).
Your rubbery body absorbs attacks. (AC +1, EV +1)
You are frail. (-10% HP)
You are resistant to hostile enchantments. (MR+)


Message History

2 adders come into view.
The adder hisses angrily. x2
The adder bites you.
* * * LOW HITPOINT WARNING * * *
You are poisoned.
The adder poisons you!
You feel sick.
You bludgeon the adder! Your grab misses the adder.
The adder is almost dead.
The adder bites you.
* * * LOW HITPOINT WARNING * * *
You are lethally poisoned!
The adder poisons you!
It was a potion of mutation.
You feel extremely strange.
You feel frail.
You feel resistant to hostile enchantments.
* * * LOW HITPOINT WARNING * * *
You feel sick. The adder bites you.
You die... "It was about time."

.≈≈#######≈≈.##
#≈####.####≈##
#≈###...###≈#
#≈##..∩.≈##≈# #
#≈###..≈###≈# ≈#
#≈####≈####≈## #≈##
.≈.###)###≈≈≈## #.≈.##
≈.≈≈##≈##≈....####.....#
.∩.≈≈≈≈≈≈≈≈..≈≈≈@SS...≈#
∩.≈.#####..≈≈≈####.≈≈.≈#
≈.≈## ##...## #.≈.##
#≈## ##≈## #### #≈# #≈#
#≈# #≈# #≈## ##≈## ≈≈)##
##≈≈.##
....#####≈.≈≈.#####≈?≈


You could see 2 adders.

Vanquished Creatures
  2 big kobolds (Sewer)
  Terence (D:2)
  3 adders
  2 oozes
  4 worms
  A leopard gecko (D:2)
  A giant cockroach (D:1)
  7 hobgoblins
  4 jackals (D:2)
  A quokka (D:2)
  4 bats
  A frilled lizard (D:1)
  3 goblins (D:2)
  8 kobolds
  5 rats
47 creatures vanquished.

Notes
Turn   | Place    | Note
-------+----------+-------------------------------------------
     0 | D:1      | Irenicus the Octopode Chaos Knight began the quest for the Orb.
     0 | D:1      | Reached XP level 1. HP: 16/16 MP: 1/1
    10 | D:1      | XOM: potion effect (might)
    78 | D:1      | Reached XP level 2. HP: 16/21 MP: 2/2
   153 | D:1      | XOM: potion effect (invisibility)
   241 | D:1      | Reached skill level 4 in Unarmed Combat
   383 | D:2      | Reached XP level 3. HP: 22/26 MP: 3/3
   460 | D:2      | XOM: silly message
   519 | D:2      | Noticed Terence
   533 | D:2      | Killed Terence
   533 | D:2      | Reached XP level 4. HP: 16/31 MP: 4/4
   559 | D:2      | XOM: silly message
   584 | D:2      | Reached skill level 5 in Unarmed Combat
   821 | D:2      | XOM is BORED!
   821 | D:2      | XOM: medium Fire miscast
   821 | D:2      | HP: 1/31 [the capriciousness of Xom (26)]
   857 | D:2      | XOM: divination: detect items
   874 | D:3      | Found a faded altar of an unknown god.
   874 | D:3      | Found a radiant altar of Vehumet.
   879 | D:3      | Found a bloodstained altar of Trog.
   881 | D:3      | Found a hazy altar of Hepliaklqana.
   882 | D:3      | Found a shadowy altar of Dithmenos.
   909 | D:3      | Found a shimmering altar of Xom.
   949 | D:3      | Found a glowing drain.
   964 | Sewer    | Entered a sewer
   990 | Sewer    | Noticed a big kobold
  1027 | Sewer    | Noticed a big kobold
  1028 | Sewer    | Noticed a big kobold
  1036 | Sewer    | Killed a big kobold
  1036 | Sewer    | Reached skill level 6 in Unarmed Combat
  1036 | Sewer    | Reached XP level 5. HP: 17/36 MP: 5/5
  1041 | Sewer    | Killed a big kobold
  1041 | Sewer    | Reached XP level 6. HP: 14/42 MP: 6/6
  1106 | Sewer    | Gained mutation: You are frail. (-10% HP) [potion of mutation]
  1106 | Sewer    | Gained mutation: You are resistant to hostile enchantments. (MR+) [potion of mutation]
  1106 | Sewer    | Slain by an adder

Skill      XL: |  1  2  3  4 |
---------------+-------------+-----
Unarmed Combat | 4 6 |  6.6
Fighting       | |  3.0
Dodging        | |  2.3

Action                   |  1- 3 |  4- 6 || total
-------------------------+-------+-------++-------
Melee: Unarmed           |    72 |    48 ||   120
       Constrict         |    11 |    10 ||    21
       Tentacles         |     7 |     9 ||    16
       Punch             |     2 |     2 ||     4
  Use: Scroll            |       |     2 ||     2
       Potion            |       |     1 ||     1
 Stab: Sleeping          |     4 |     4 ||     8
       Invisible         |     5 |       ||     5
Armor: Skin              |     7 |     1 ||     8
Dodge: Dodged            |    45 |    11 ||    56
